 Dungeon Crawl Stone Soup version 0.27-a0-1565-gad902ab807 (webtiles) character file.

Game seed: 10315441426477720913

5364 cruelcumber the Cleaver (level 10, -4/139 HPs)
             Began as a Minotaur Berserker on July 16, 2021.
             Was an Elder of Trog.
             Slain by a death yak (19 damage)
             ... on level 8 of the Dungeon.
             The game lasted 00:38:23 (9502 turns).

cruelcumber the Cleaver (Minotaur Berserker)        Turns: 9502, Time: 00:38:23

Health: -4/139     AC:  8    Str: 24    XL:     10   Next: 39%
Magic:  0/9        EV: 13    Int:  4    God:    Trog [****..]
Gold:   500        SH:  5    Dex: 11    Spells: 9/9 levels left

rFire    . . .     SeeInvis .   a - +0 hand axe (freeze)
rCold    . . .     Faith    .   w - +2 buckler
rNeg     . . .     Spirit   +   g - +1 ring mail
rPois    .         Reflect  .   (helmet restricted)
rElec    .         Harm     .   (no cloak)
rCorr    .         Rampage  .   (no gloves)
Will     ++...                  (no boots)
Stlth    ..........             t - amulet of guardian spirit
HPRegen  1.33/turn              (no ring)
MPRegen  0.11/turn              (no ring)

@: berserking, strong-willed, regenerating, studying Axes, very quick
A: horns 2, retaliatory headbutt
a: Renounce Religion, Berserk, Trog's Hand, Brothers in Arms


You were on level 8 of the Dungeon.
You worshipped Trog.
Trog was greatly pleased with you.
You visited 1 branch of the dungeon, and saw 8 of its levels.
You also visited: Sewer.

You collected 500 gold pieces.

Inventory:

Hand Weapons
 a - a +0 hand axe of freezing (weapon)
 i - a +0 battleaxe of flaming
Missiles
 c - 4 throwing nets
 d - 243 stones (quivered)
 h - 18 poisoned darts
 k - 2 atropa-tipped darts
Armour
 g - a +1 ring mail (worn)
 w - a +2 buckler (worn)
Jewellery
 t - an amulet of guardian spirit (around neck)
 v - an amulet of the acrobat
Wands
 q - a wand of iceblast (6)
 s - a wand of digging (7)
 y - a wand of mindburst (10)
Scrolls
 e - a scroll of fog {unknown}
 f - 5 scrolls of teleportation
 n - a scroll of vulnerability {unknown}
 x - a scroll of torment {unknown}
 A - a scroll of identify
Potions
 b - 2 potions of flight
 j - a potion of resistance
 l - a potion of curing
 m - a potion of berserk rage
 o - a potion of magic {unknown}
 p - a potion of mutation {unknown}
 u - 2 potions of degeneration {unknown}
 z - a potion of heal wounds


   Skills:
 + Level 10.0 Fighting
 + Level 10.4 Axes
 + Level 9.6 Armour
 + Level 8.7 Dodging


You had 9 spell levels left.
You didn't know any spells.
Your spell library was empty.

Dungeon Overview and Level Annotations

Branches:
Dungeon (8/15)             Temple (0/1) D:5           Sewer (visited)
   Lair: D:8-11

Altars:
Hepliaklqana
Nemelex Xobeh
Xom

Shops:
D:6 (


Innate Abilities, Weirdness & Mutations

You have a pair of horns on your head.
You reflexively headbutt those who attack you in melee.


Message History

You feel strong-willed. The death yak gores you!
A yak comes into view.
A red film seems to cover your vision as you go berserk!
You feel yourself moving faster!
You feel mighty!
The yak bellows!
You hear a bellow!
The death yak gores you!
* * * LOW HITPOINT WARNING * * *
You barely miss the death yak. You hit the death yak but do no damage.
The death yak snorts and paws the ground.
The death yak gores you!
* * * LOW HITPOINT WARNING * * *
The death yak barely misses you.
A yak comes into view.
You slash the death yak! You freeze the death yak. You headbutt the death yak!!
The death yak is moderately wounded.
You hit the death yak. You freeze the death yak. The death yak gores you.
* * * LOW HITPOINT WARNING * * *
You hit the death yak. You freeze the death yak. You headbutt the death yak!
The death yak is severely wounded.
You slash the death yak! You freeze the death yak.
You block the death yak's attack.
You hit the death yak. You freeze the death yak.
Your headbutt misses the death yak.
The death yak is moderately wounded.
You hit the death yak. You freeze the death yak.
The death yak closely misses you.
You slash the death yak! You freeze the death yak. You headbutt the death yak!
The death yak is heavily wounded.
You hit the death yak. You freeze the death yak. You slash the death yak!
You freeze the death yak.
The death yak gores you but does no damage.
You hit the death yak but do no damage.
The death yak is heavily wounded.
You hit the death yak. You freeze the death yak. You barely miss the death yak.
The death yak gores you!
* * * LOW HITPOINT WARNING * * *
The death yak gores you but does no damage.
The death yak gores you!!
You die...

'......').##......##Y.).#
'...Y..'..##..#)...####.......
#)...Y.####..Y.......# #(.(.#.
).......##.......##..# ....#
..#''#..........## #.. ..##
.##..##.......Y## ... ...Y
)##[.##.......Y## ..Y.
).####........YY## ....
...##....).....Y@##
....).....).............
#.......÷.....##.....##.
..#.)..<....#..##...##
####.....)..#..#....#
#....................
....#...÷..........###
...##>##............ #.#
#.#.............


You could see 3 death yaks and 2 yaks.

Vanquished Creatures
  Erica (D:8)
  4 yaks (D:5)
  A wyvern (D:7)
  A steam dragon (D:7)
  A water moccasin (Sewer)
  2 sky beasts (D:6)
  2 ice beasts
  2 black bears
  A necrophage (D:6)
  An ogre (D:4)
  2 centaurs
  A phantom (D:6)
  2 bullfrogs
  A kobold brigand (D:6)
  3 gnoll sergeants (D:8)
  2 scorpions
  A water moccasin zombie (D:5)
  A wyvern skeleton (D:7)
  9 killer bees
  5 wights (D:6)
  7 howler monkeys
  2 centaur zombies
  A bullfrog zombie (D:7)
  5 hounds
  A jelly (D:3)
  3 gnoll shamans
  7 orc priests
  4 iguanas
  6 orc wizards
  Natasha (thrice) (D:2)
  A killer bee zombie (D:6)
  A hound skeleton (D:4)
  4 adders
  2 howler monkey skeletons
  22 gnolls
  An ufetubus (D:6)
  An adder skeleton (D:4)
  An adder zombie (D:5)
  2 worms (D:2)
  A dart slug (D:1)
  26 orcs
  5 ball pythons
  9 bats
  10 endoplasms
  11 giant cockroaches
  10 goblins
  7 hobgoblins
  11 jackals
  12 kobolds
  4 quokkas
  4 frilled lizards
  7 rats
234 creatures vanquished.

Vanquished Creatures (others)
  A killer bee zombie (D:6)
  2 plants (D:2)
  7 withered plants (D:2)
10 creatures vanquished.

Grand Total: 244 creatures vanquished

Notes
Turn   | Place    | Note
-------+----------+-------------------------------------------
     0 | D:1      | cruelcumber the Minotaur Berserker began the quest for the
                  | Orb.
     0 | D:1      | Reached XP level 1. HP: 19/19 MP: 0/0
   283 | D:1      | Reached XP level 2. HP: 24/27 MP: 1/1
   884 | D:1      | Reached XP level 3. HP: 32/33 MP: 2/2
  1136 | D:2      | Noticed Natasha
  1145 | D:2      | Killed Natasha
  1147 | D:2      | Noticed Natasha
  1157 | D:2      | Killed Natasha
  1158 | D:2      | Reached XP level 4. HP: 38/41 MP: 3/3
  1322 | D:2      | Reached ** piety under Trog
  1349 | D:2      | Noticed Natasha
  1360 | D:2      | Killed Natasha
  1423 | D:2      | Found a faded altar of an unknown god.
  1570 | D:2      | Found a sparkling altar of Nemelex Xobeh.
  1640 | D:2      | Reached XP level 5. HP: 14/47 MP: 4/4
  2954 | D:3      | Reached skill level 5 in Fighting
  2956 | D:3      | Reached skill level 5 in Axes
  2963 | D:3      | Reached XP level 6. HP: 56/56 MP: 5/5
  3096 | D:3      | Found a glowing drain.
  3116 | Sewer    | Entered a sewer
  3120 | Sewer    | Reached *** piety under Trog
  3139 | Sewer    | Noticed a water moccasin
  3154 | Sewer    | Killed a water moccasin
  3235 | D:3      | Reached skill level 5 in Armour
  3679 | D:4      | Reached XP level 7. HP: 62/62 MP: 6/6
  3711 | D:4      | Identified a scroll of acquirement
  3711 | D:4      | Acquired a +0 battleaxe of flaming
  4164 | D:4      | Reached skill level 5 in Dodging
  4421 | D:5      | Entered Level 5 of the Dungeon
  4703 | D:5      | Reached XP level 8. HP: 71/71 MP: 7/7
  5153 | D:5      | Found a staircase to the Ecumenical Temple.
  5434 | D:5      | Found a hazy altar of Hepliaklqana.
  5435 | D:5      | Found a shimmering altar of Xom.
  5436 | D:5      | Noticed a spectral ugly thing
  5749 | D:6      | Reached XP level 9. HP: 81/81 MP: 8/8
  6435 | D:6      | Found Foykimy's Antique Weapon Emporium.
  6472 | D:6      | Reached **** piety under Trog
  8453 | D:7      | Reached XP level 10. HP: 89/91 MP: 9/9
  9444 | D:8      | Noticed Erica
  9450 | D:8      | Noticed a death yak
  9452 | D:8      | Reached skill level 10 in Axes
  9453 | D:8      | Noticed a death yak
  9458 | D:8      | Killed Erica
  9459 | D:8      | Reached skill level 10 in Fighting
  9460 | D:8      | Noticed a death yak
  9502 | D:8      | Slain by a death yak

Illustrated notes

Levels and vault maps discovered:
D:1:      minmay_arrival_widening_spiral_wide, layout_loops_corners,
          minmay_hexomino_u4
D:2:      layout_loops_corners, shapermc_ecumenical_altar_flowoftime,
          basic_altar, minmay_misc_feat_iff, chequers_serial_rivers_micro_c,
          chequers_serial_rivers_micro_e, minmay_fractal_squares_5, uniq_natasha
D:3:      layout_rooms, gup_sewer_entry_glass
D:4:      layout_loops_ring, kennysheep_generic_room_12
D:5:      layout_loops_cross, regret_index_temple_of_mockery,
          minmay_temple_entry_slanted, nrook_pool_corridor
D:6:      layout_basic, serial_shops, nicolae_take_the_stairs,
          lemuel_old_faithful
D:7:      layout_loops_ring
D:8:      layout_cave_pools, dpeg_lair_monsters, serial_gnoll_camp,
          gnoll_camp_mini_hut, gnoll_camp_mini_basic, gnoll_camp_mini_hut,
          gnoll_camp_mini_hut, gnoll_camp_huts_basic, gnoll_camp_mini_hut,
          uniq_erica

Skill      XL: |  1  2  3  4  5  6  7  8  9 10 |
---------------+-------------------------------+-----
Axes           | 4 5 6 7 9 10 | 10.4
Fighting       | 4 5 6 7 9 10 | 10.0
Armour         | 3 4 5 6 7 9 |  9.6
Dodging        | 3 4 5 6 8 |  8.7

Action                   |  1- 3 |  4- 6 |  7- 9 | 10-12 || total
-------------------------+-------+-------+-------+-------++-------
Melee: Hand axe          |    62 |   131 |   298 |    98 ||   589
       Headbutt          |     9 |    12 |    68 |    20 ||   109
       Battleaxe         |       |       |     5 |       ||     5
Throw: Stone             |    64 |    58 |   111 |    18 ||   251
Invok: Berserk           |     1 |     7 |     8 |     6 ||    22
       Trog's Hand       |       |     7 |     6 |     5 ||    18
Evoke: Wand              |       |     7 |       |     1 ||     8
  Use: Scroll            |     3 |     5 |     9 |     1 ||    18
       Potion            |       |     1 |     2 |     1 ||     4
Armor: Animal skin       |     5 |       |       |       ||     5
       Ring mail         |    11 |    49 |    85 |    20 ||   165
       Skin              |       |    37 |       |       ||    37
Dodge: Dodged            |    33 |    70 |   169 |    50 ||   322
Block: Buckler           |       |       |       |    29 ||    29

Table legend: (Time is in decaauts)
 A = Elapsed time spent in this place.
 B = Non-inter-level travel time spent in this place.
 C = Inter-level travel time spent in this place.
 D = Time resting spent in this place.
 E = Time spent auto-exploring this place.
 F = Levels seen in this place.
 G = Mean time per level.
                   A        B        C        D        E       F      G
               +--------+--------+--------+--------+--------+-----+--------+
         Total |   9695 |   9472 |    223 |    515 |   6866 |   9 | 1077.2 |
       Dungeon |   9575 |   9352 |    223 |    515 |   6831 |   8 | 1196.9 |
         Sewer |    119 |    119 |      0 |      0 |     35 |   1 |  119.0 |
               +--------+--------+--------+--------+--------+-----+--------+

Top non-repeatable levels by time:
     D:2: 1707 daAuts
     D:6: 1700 daAuts
     D:7: 1528 daAuts
     D:5: 1163 daAuts
     D:1: 1134 daAuts
     D:3: 814 daAuts
     D:4: 776 daAuts
     D:8: 750 daAuts
   Sewer: 119 daAuts
